 Dungeon Crawl Stone Soup version 0.21-a0-227-g58a7c62 (webtiles) character file.

2449 Gorglomux the Transmogrifier (level 9, -2/72 HPs)
             Began as a Gnoll Transmuter on Aug 30, 2017.
             Was an Initiate of Wu Jian.
             Slain by an orc wizard
             ... wielding a +0 dagger
              (3 damage)
             ... while paralysed by an orc wizard
             ... on level 7 of the Dungeon.
             The game lasted 00:13:35 (9269 turns).

Gorglomux the Transmogrifier (Gnoll Transmuter)     Turns: 9269, Time: 00:13:36

Health: -2/72      AC:  2    Str:  7    XL:     9   Next: 49%
Magic:  17/19      EV:  5    Int:  7    God:    Wu Jian [......]
Gold:   326        SH:  0    Dex:  7    Spells: 7/22 levels left

rFire    . . .     SeeInvis .     - Unarmed
rCold    . . .     Gourm    .   (shield currently unavailable)
rNeg     + . .     Faith    .   (armour currently unavailable)
rPois    x         Spirit   .   (helmet currently unavailable)
rElec    .         Reflect  .   (cloak currently unavailable)
rCorr    .         Harm     .   (gloves currently unavailable)
MR       .....                  (boots currently unavailable)
Stlth    +.........             (no amulet)
HPRegen  0.22/turn              v - ring of wizardry
MPRegen  0.16/turn              D - ring of positive energy

@: paralysed, spider-form
A: unchanging attributes, strong nose
a: End Transformation, Renounce Religion


You were on level 7 of the Dungeon.
You worshipped Wu Jian.
Wu Jian was noncommittal.
You were hungry.
You were a venomous arachnid creature.
You visited 2 branches of the dungeon, and saw 8 of its levels.

You collected 326 gold pieces.

Inventory:

Missiles
 a - 69 arrows
Armour
 b - a +0 robe (melded)
 h - a +0 shield
 l - a +0 cloak (melded)
 s - a +0 pair of boots (melded)
 U - a +0 pair of gloves (melded)
Jewellery
 v - a ring of wizardry (left front leg)
 x - an uncursed ring of ice
 D - a ring of positive energy (right front leg)
Wands
 P - a wand of paralysis (13/24)
Scrolls
 i - 2 scrolls of blinking {unknown}
 n - a scroll of remove curse {unknown}
 p - a scroll of fog {unknown}
 y - 3 scrolls of enchant armour {unknown}
 C - 3 scrolls of amnesia {unknown}
 M - 3 scrolls of magic mapping
 S - a scroll of recharging {unknown}
 T - 2 scrolls of teleportation
Potions
 j - 2 potions of berserk rage
 k - a potion of flight
 m - 2 potions of haste
 r - a potion of heal wounds {unknown}
 t - a potion of resistance {unknown}
 B - a potion of lignification {unknown}
 F - a potion of curing {unknown}
 G - 5 potions of mutation
Books
 c - a book of Changes

   Spells                             Type                      Level
   a - Beastly Appendage              Transmutation                1
   b - Sticks to Snakes               Transmutation                2
   c - Spider Form                    Transmutation/Poison         3
   d - Ice Form                       Ice/Transmutation            4
   e - Blade Hands                    Transmutation                5
Comestibles
 d - 4 bread rations
 w - 3 fruits
 z - 3 meat rations
 V - 5 chunks of flesh


   Skills:
 + Level 7.2 Fighting
 + Level 6.0 Dodging
 - Level 8.1 Unarmed Combat
 - Level 7.1 Spellcasting
 - Level 9.2 Transmutations
 - Level 3.1 Ice Magic
 - Level 1.6 Poison Magic


You had 7 spell levels left.
You knew the following spells:

 Your Spells              Type           Power        Failure   Level  Hunger
a - Beastly Appendage     Tmut           ###...       1%          1    #......
b - Sticks to Snakes      Tmut           ###.....     1%          2    ##.....
c - Spider Form           Tmut/Pois      ##........   8%          3    ###....
d - Blade Hands           Tmut           ###.......   13%         5    ######.
e - Ice Form              Ice/Tmut       ##......     16%         4    #####..


Dungeon Overview and Level Annotations

Branches:
Dungeon (7/15)             Temple (1/1) D:6

Altars:
Ashenzari
Cheibriados
Dithmenos
Fedhas
Gozag
Kikubaaqudgha
Makhleb
Nemelex Xobeh
Okawaru
Ru
Sif Muna
Wu Jian
Xom
Zin

Annotations:
D:2 exclusion: oklob plant


Innate Abilities, Weirdness & Mutations

Your physical attributes are unchanging.
((You have very sharp teeth.))
Your uncanny sense of smell can sniff out nearby items.


Message History

The orc warrior hits you with a hand axe!!!
The orc wizard barely misses you!
The orc wizard zaps a wand!
You easily resist!
The orc warrior hits you with a butt axe!
The orc wizard hits you with a dagger!
The orc wizard zaps a wand!
You shrug off the repeated paralysis!!!
You annihilate the orc wizard!!!
The Council roars: ANNIHILATED!
Your Dodging skill increases to level 6!!!
The orc warrior hits you with a hand axe!
The orc wizard barely misses you!
An orc wizard comes into view! It is wielding a short sword!
The orc wizard shouts!!!
The orc warrior hits you with a hand axe!!!!!! * * * don't die
* * * The orc wizard hits you with a dagger! * * * don't die
* * * The orc wizard moves out of view!
The orc wizard hits you with a dagger! rip

..........#
*,,********,,,*
##.######.# **,,* *,,***
.#.# #.# **,,,** *,,***
.#.# #.#
**,,,,,*##****,,**, ,#.#
#.# *,,,,,,..,,,,,,,,,,
,#.# #.#
**,,,,.#******,,**,
,#.#* #.# **,,.#* *,,,,,
,..,** ##.########>.#
*,****
.)...###..##....so..#***
*,*
................)o.....#
*,*
.....###.#############.#
*,* ,,.,,* #.* *,*****,*
,*,*,* #.* *,,,,,,,*
,*,*,**#.* *********
.,,,,,,..* **,****##*
.,,*


You could see an orc warrior and an orc wizard.

Vanquished Creatures
  The ghost of DEFE the Magician, a novice DESk (D:5)
  Prince Ribbit (D:7)
  A sky beast (D:5)
  2 ice beasts (D:6)
  An orc warrior (D:6)
  2 phantoms
  3 ogres
  The ghost of Gorglomux the Insei, an amateur GnTm of Wu Jian (D:3)
  A centaur (D:5)
  A bullfrog (D:7)
  A wyvern skeleton (D:6)
  A bullfrog zombie (D:5)
  3 hounds
  A jelly (D:5)
  A bullfrog skeleton (D:5)
  A centaur skeleton (D:6)
  2 orc priests (D:3)
  A gnoll shaman (D:6)
  An iguana (D:4)
  2 worker ants
  Crazy Yiuf (D:3)
  7 orc wizards
  A hound skeleton (D:6)
  9 adders
  A shadow imp (D:6)
  An adder zombie (D:5)
  3 worms
  2 dart slugs
  4 leopard geckos
  26 orcs
  3 ball pythons
  7 giant cockroaches
  7 goblins
  8 hobgoblins
  5 jackals
  4 quokkas
  A ball python skeleton (D:5)
  7 bats
  4 frilled lizards
  8 kobolds
  A leopard gecko skeleton (D:5)
  12 rats
150 creatures vanquished.

Vanquished Creatures (collateral kills)
  An adder (D:2)
1 creature vanquished.

Grand Total: 151 creatures vanquished

Notes
Turn   | Place    | Note
-------+----------+-------------------------------------------
     0 | D:1      | Gorglomux the Gnoll Transmuter began the quest for the Orb.
     0 | D:1      | Reached XP level 1. HP: 15/15 MP: 4/4
   352 | D:1      | Reached XP level 2. HP: 21/22 MP: 4/6
   502 | D:1      | Learned a level 2 spell: Sticks to Snakes
  1091 | D:1      | Reached skill level 3 in Fighting
  1174 | D:1      | Reached XP level 3. HP: 27/29 MP: 7/7
  1183 | D:1      | Learned a level 3 spell: Spider Form
  1672 | D:2      | Reached skill level 1 in Poison Magic
  1829 | D:2      | Reached skill level 3 in Transmutations
  2035 | D:2      | Reached XP level 4. HP: 35/35 MP: 4/8
  2108 | D:2      | Found a blossoming altar of Fedhas.
  2126 | D:2      | Noticed an oklob plant
  2339 | D:3      | Found a runed door.
  2621 | D:3      | Found a snail-covered altar of Cheibriados.
  2648 | D:3      | Noticed Gorglomux's ghost (amateur GnTm)
  3103 | D:3      | Reached skill level 4 in Transmutations
  3103 | D:3      | Reached XP level 5. HP: 8/41 MP: 5/9
  3913 | D:3      | Reached skill level 6 in Unarmed Combat
  4031 | D:3      | Killed Gorglomux's ghost
  4031 | D:3      | Reached skill level 5 in Transmutations
  4031 | D:3      | Reached XP level 6. HP: 14/47 MP: 7/10
  4483 | D:3      | Noticed Crazy Yiuf
  4488 | D:3      | Killed Crazy Yiuf
  4670 | D:4      | Noticed a phantom
  5098 | D:4      | Reached skill level 6 in Transmutations
  5161 | D:4      | Killed a phantom
  5161 | D:4      | Reached XP level 7. HP: 16/52 MP: 7/11
  6224 | D:5      | Entered Level 5 of the Dungeon
  6260 | D:5      | Reached skill level 7 in Transmutations
  6367 | D:5      | Noticed DEFE's ghost (novice DESk)
  6929 | D:5      | Reached XP level 8. HP: 34/58 MP: 10/15
  7040 | D:5      | Reached skill level 8 in Transmutations
  7361 | D:5      | Learned a level 5 spell: Blade Hands
  7501 | D:5      | Killed DEFE's ghost
  7501 | D:5      | Reached skill level 9 in Transmutations
  7514 | D:5      | Learned a level 4 spell: Ice Form
  7662 | D:6      | Reached skill level 1 in Ice Magic
  7766 | D:6      | Found an ancient bone altar of Kikubaaqudgha.
  8013 | D:6      | Found a staircase to the Ecumenical Temple.
  8035 | Temple   | Entered the Ecumenical Temple
  8097 | Temple   | Became a worshipper of the Wu Jian Council
  8121 | D:6      | Reached skill level 3 in Ice Magic
  8228 | D:6      | Reached skill level 3 in Dodging
  8228 | D:6      | Reached XP level 9. HP: 54/68 MP: 13/19
  8307 | D:6      | Found a shadowy altar of Dithmenos.
  8444 | D:6      | Found a shattered altar of Ashenzari.
  8576 | D:7      | Reached skill level 6 in Fighting
  8924 | D:7      | Noticed Prince Ribbit
  8930 | D:7      | Killed Prince Ribbit
  9264 | D:7      | Paralysed by an orc wizard for 7 turns
  9267 | D:7      | Reached skill level 6 in Dodging
  9268 | D:7      | HP: 1/72 [orc wizard/dagger (6)]
  9269 | D:7      | Slain by an orc wizard

Vault maps used:
D:1:      dpeg_arrival_boxes_within_box, st_stairs_8,
          hangedman_decor_peaks_small, hangedman_decor_points, hex_medium,
          nrook_loot_triangle
D:2:      tgw_fedhas
D:3:      kennysheep_slug_shrine, serial_bayou, serial_bayou_lake_a,
          serial_bayou_shore_b, serial_bayou_pond_c, serial_bayou_shore_a,
          uniq_crazy_yiuf_cottage
D:4:      first_bread, minivault_26
D:6:      lemuel_coloured_pillars_altar, cheibrodos_ashenzari_chains,
          minmay_temple_entry_overgrown, serial_glass, glass_columns_c,
          glass_columns_b, glass_columns_b, glass_columns_b, glass_columns_a,
          glass_columns_b, grunt_dithmenos_smoke
D:7:      uniq_prince_ribbit1
Temple:   zaba_magenta_temple

Skill      XL: |  1  2  3  4  5  6  7  8  9 |
---------------+----------------------------+-----
Fighting       | 2 3 5 7 |  7.2
Poison Magic   | 1 |  1.6
Transmutations | 3 4 5 6 7 9 |  9.2
Unarmed Combat | 5 6 7 8 |  8.1
Spellcasting   | 5 7 |  7.1
Ice Magic      | 3 |  3.1
Dodging        | 3 6 |  6.0

Action                   |  1- 3 |  4- 6 |  7- 9 || total
-------------------------+-------+-------+-------++-------
Melee: Unarmed           |   133 |   202 |   247 ||   582
       Bite              |     5 |     1 |     5 ||    11
       Kick              |     3 |       |       ||     3
       Headbutt          |     2 |       |       ||     2
       Punch             |       |       |     1 ||     1
 Cast: Beastly Appendage |    14 |       |       ||    14
       Spider Form       |     6 |    32 |    20 ||    58
       Sticks to Snakes  |     1 |     1 |     5 ||     7
       Blade Hands       |       |       |     9 ||     9
       Ice Form          |       |       |     4 ||     4
  Use: Scroll            |       |       |     7 ||     7
  Eat: Chunk             |     4 |    15 |    16 ||    35
       Royal jelly       |       |       |     2 ||     2
Armor: Robe              |    24 |     6 |    10 ||    40
       Skin              |     2 |    10 |    10 ||    22
Dodge: Dodged            |    79 |   132 |   145 ||   356

Table legend:
 A = Spawn XP
 B = Non-spawn XP
 C = Spawn XP percentage of total XP
 D = Spawn monster count
 E = Non-spawn monster count
 F = Spawn count percentage of total count
 G = Total turns spent on level
                    A         B        C        D         E        F      G
               +---------+---------+-------+---------+---------+-------+---------
         Total |     480 |    3019 |  13.7 |      27 |     124 |  17.9 |  9269
               +---------+---------+-------+---------+---------+-------+---------
           D:1 |       3 |      33 |   8.3 |       3 |      21 |  12.5 |  1422
           D:2 |       8 |      42 |  16.0 |       5 |      15 |  25.0 |  1068
           D:3 |      71 |     273 |  20.6 |      12 |      26 |  31.6 |  2468
           D:4 |     125 |     375 |  25.0 |       1 |      11 |   8.3 |  1533
           D:5 |      93 |     955 |   8.9 |       3 |      16 |  15.8 |  1053
           D:6 |     180 |     591 |  23.3 |       3 |      19 |  13.6 |   910
           D:7 |       0 |     750 |   0.0 |       0 |      16 |   0.0 |   737
               +---------+---------+-------+---------+---------+-------+---------
